[Event "*** SCC Grand Prix: Titled Tuesday Blitz"]
[Site "Chess.com"]
[Date "2020.06.23"]
[Round "5"]
[White "Sadykov_Ramil"]
[Black "Cubitas"]
[Result "1-0"]
[WhiteElo "2407"]
[BlackElo "2542"]
[TimeControl "180+1"]
[EndTime "10:58:22 PDT"]
[Termination "Sadykov_Ramil won on time"]

1. e4 c5 2. Nf3 Nc6 3. d4 cxd4 4. Nxd4 e5 5. Nb5 d6 6. N1c3 a6 7. Na3 b5 8. Nd5 Nge7 9. c4 Nd4 10. Nxe7 Bxe7 11. cxb5 O-O 12. bxa6 Bxa6 13. Bxa6 Qa5+ 14.
Bd2 Qxa6 15. Bc3 f5 16. Nc2 Nb5 17. Qd5+ Kh8 18. O-O Nc7 19. Qd2 fxe4 20. Nb4 Qc4 21. a3 Rf6 22. Rac1 Rg6 23. Bxe5 Qe6 24. Bg3 Bg5 25. Qc2 Bxc1 26. Rxc1 Ne8 27. Qc6 Rd8 28. Qd5 h6 29. Qxe6 Rxe6 30. Kf1 d5 31. Rd1 d4 32. Ke2 Nf6 33. Rc1 d3+ 34. Kd2 Nh5 35. Bc7 Rf8 36.
Bb6 Nf4 37. g3 Nh3 38. Rf1 Ref6 39. Be3 Nxf2 40. Nd5 Rf5 41. Nf4 Ng4 42. Ng6+ Kg8 43.
Ne7+ Kh7 44. Nxf5 Rc8 45. Nd4 Ne5 46. Rf4 Nc4+ 47. Ke1 Nxe3 48. Rxe4 Nc2+ 49. Kd2 Nxd4 50. Rxd4 Rc2+ 51. Kxd3 Rxb2 52. Kc4 Rxh2 53. Kb5 Rg2 54. Rd3 h5 55. a4 g5 56. a5 Rb2+ 57. Kc6 Kg6 58. a6 Ra2 59. Kb7 Kf5 60. a7 Ke4 61.
Rb3 Kf5 62. Rb4 h4 63. gxh4 gxh4 64. Rxh4 Rb2+ 65. Ka8 Ke6 66. Rh8 Kd7 67. Rb8 Ra2 68.
Kb7 Rb2+ 69. Ka6 Ra2+ 70. Kb6 Rb2+ 71. Kc5 1-0

[Event "*** SCC Grand Prix: Titled Tuesday Blitz"]
[Site "Chess.com"]
[Date "2020.06.23"]
[Round "5"]
[White "queen_iryna"]
[Black "WildTricks"]
[Result "0-1"]
[WhiteElo "2245"]
[BlackElo "2484"]
[TimeControl "180+1"]
[EndTime "10:58:22 PDT"]
[Termination "WildTricks won by resignation"]

1. d4 f5 2. Nc3 Nf6 3. Bg5 d5 4. Bxf6 exf6 5. e3 Be6 6. Bd3 Nc6 7. Qf3 Qd7 8. a3 O-O-O 9. Nge2 Kb8 10. Nf4 Bf7 11.
h3 h5 12. O-O-O Ne7 13. Kb1 Nc8 14. Nfe2 Be6 15. Nc1 a6 16. Nb3 Qc6 17. Bxf5 Bxf5 18. Qxf5 Bxa3 19. g4 Bb4 20. Na2 Bd6 21. Nac1 Nb6 22.
Nd3 Na4 23. gxh5 Qb5 24. Rhg1 Rd7 25. h4 Re7 26. Ndc5 Bxc5 27. dxc5 c6 28. Qf4+ Ka7 29. Qd4 Re4 30. Qd3 Qxd3 31. cxd3 Re7 32. Rg6 Rxh5 33. Rdg1 Rxh4 34. Rxg7 Rxg7 35. Rxg7 Rh2 36. Nd4 Kb8 37. Rg8+ Kc7 38. Rg7+ Kc8 39. Rg8+ Kd7 40. Rg7+ Kc8 41.
Rg8+ Kc7 42. Rg7+ Kd8 43. Rg8+ Ke7 44. Rg7+ Kf8 45. Ne6+ Ke8 46. Rxb7 Rxf2 47. Nd4 Nxc5 48. Rb8+ Kd7 49. Rh8 Nxd3 50. Rh7+ Kd6 51. b3 Rb2+ 52. Ka1 Rf2 53. Rh6 c5 54. Rh7 cxd4 55. exd4 Nb4 56. Rh8 Nc6 57. Rh7 Nxd4 58. Rh6 Nxb3+ 59. Kb1 Nc5 60.
Kc1 a5 61. Kd1 a4 62. Ke1 Rf5 63. Rh8 a3 64. Rd8+ Kc6 65. Ra8 Rf3 66. Ke2 Rb3 67. Kd2 Rb2+ 68. Kc1 Rb3 69. Kc2 Rh3 70. Rc8+ Kb5 71.
Rb8+ Kc4 72. Rd8 Rh2+ 73. Kc1 a2 74. Ra8 Nb3+ 75. Kd1 a1=Q+ 76. Rxa1 Nxa1 0-1

[Event "*** SCC Grand Prix: Titled Tuesday Blitz"]
[Site "Chess.com"]
[Date "2020.06.23"]
[Round "5"]
[White "Benjoneliere44"]
[Black "nrvisakh"]
[Result "1/2-1/2"]
[WhiteElo "2554"]
[BlackElo "2778"]
[TimeControl "180+1"]
[EndTime "10:58:25 PDT"]
[Termination "Game drawn - insufficient material"]

1. e4 c5 2. Nc3 d6 3. f4 g6 4. Nf3 Bg7 5. Bc4 Nc6 6. O-O e6 7. d3 Nge7 8. Qe1 O-O 9. f5 gxf5 10. Qh4 Ng6 11. Qh5 Nce5 12. exf5 exf5 13. Ng5 h6 14.
Nh3 Nxc4 15. dxc4 Qh4 16. Qxh4 Nxh4 17. Bf4 Rd8 18. Rad1 Be6 19. Nd5 Ng6 20. b3 Rd7 21.
Bg3 Rad8 22. Nhf4 Kf8 23. h3 Be5 24. Kh2 b6 25. Rd3 Rb7 26. h4 Bxd5 27. Rxd5 Re7 28. h5 Nxf4 29. Bxf4 Bxf4+ 30. Rxf4 Re2 31. Rdxf5 Rd7 32.
Rf2 Rxf2 33. Rxf2 Kg7 34. Rd2 Kf6 35. g4 Ke6 36. Kg3 Rd8 37. Kf4 Rg8 38. Re2+ Kd7 39. Rd2 Rg5 40. Rd5 Rg8 41. Rf5 Ke6 42. g5 hxg5+ 43. Rxg5 Rh8 44. Kg4 Kf6 45. Rd5 Rg8+ 46.
Kf4 Rg2 47. Rxd6+ Kg7 48. Rd7 a5 49. Rb7 Rxc2 50. Rxb6 Rxa2 51. Rb5 a4 52. bxa4 Rxa4 53.
Rxc5 Ra1 54. Rc7 Rh1 55. Kg4 Rg1+ 56. Kf5 Rh1 57. Kg4 Rg1+ 58. Kf4 Rh1 59. c5 Rxh5 60. Ke4 Rh1 61. Kd5 Rd1+ 62. Kc6 Kg6 63. Rd7 Rc1 64. Rd6+ Kg5 65. Rd5+ f5 66. Kd7 Kg4 67. c6 f4 68.
c7 Rxc7+ 69. Kxc7 f3 70. Rd8 f2 71. Rg8+ Kf3 72. Rf8+ Ke2 73. Rxf2+ Kxf2 1/2-1/2

[Event "*** SCC Grand Prix: Titled Tuesday Blitz"]
[Site "Chess.com"]
[Date "2020.06.23"]
[Round "5"]
[White "Ranindu2003"]
[Black "Biranidun"]
[Result "0-1"]
[WhiteElo "2510"]
[BlackElo "2738"]
[TimeControl "180+1"]
[EndTime "10:58:25 PDT"]
[Termination "Biranidun won by resignation"]

1. e4 c5 2. Nf3 d6 3. d4 cxd4 4.
Nxd4 Nf6 5. Nc3 a6 6. Be3 e5 7.
Nb3 Be6 8. f3 h5 9. Nd5 Bxd5 10.
exd5 Nbd7 11. Qd2 g6 12. Be2 Bg7 13. O-O b6 14. Rac1 O-O 15. c4 Re8 16. h3 Nc5 17. Na1 a5 18. Nc2 h4 19. Bg5 e4 20. Nd4 exf3 21. Bxf3 Nfe4 22. Bxe4 Nxe4 23. Bxd8 Nxd2 24. Bf6 Nxf1 25. Rxf1 Re4 26. Nb5 Rxc4 27. Nxd6 Rc7 28. Bxg7 Kxg7 29. a4 Rd7 30. Nc4 Rb8 31. Ne5 Rxd5 32.
Rxf7+ Kg8 33. Re7 Rd6 34. Nf3 b5 35. Ra7 bxa4 36. Rxa5 Rb4 37. Ne5 Re6 38. Ng4 Re7 39.
Ra6 Kg7 40. Nf6 Rxb2 41. Nd5 Ree2 42. Nf4 Rf2 43. Rxa4 Kf6 44. Ra6+ Kg7 45. Rxg6+ Kf7 46. Rg4 Kf6 47. Rxh4 Kf5 48. g3 Rfd2 49. Rh5+ Ke4 50. Ng2 Rd1+ 51. Kh2 Rdd2 52. Rh4+ Kf3 53. Rf4+ Ke2 54.
h4 Kd3 55. Kh3 Rxg2 56. h5 Rh2+ 57. Kg4 Rb5 58. Rf3+ Ke4 59. Rf4+ Ke3 60. Rf5 Rxf5 61. Kxf5 Rxh5+ 62. Kf6 Kf3 63. Kg6 Rh3 0-1

[Event "*** SCC Grand Prix: Titled Tuesday Blitz"]
[Site "Chess.com"]
[Date "2020.06.23"]
[Round "5"]
[White "Herracek"]
[Black "vugarrasulov"]
[Result "1/2-1/2"]
[WhiteElo "2579"]
[BlackElo "2799"]
[TimeControl "180+1"]
[EndTime "10:58:27 PDT"]
[Termination "Game drawn by repetition"]

1. c4 g6 2. g3 Bg7 3. Bg2 e5 4. Nc3 Ne7 5. e3 O-O 6. Nge2 d6 7. O-O Nbc6 8. Rb1 Be6 9. d3 d5 10. cxd5 Nxd5 11. d4 exd4 12. Nxd4 Nxd4 13. exd4 c6 14.
Re1 Re8 15. Nxd5 Bxd5 16. Rxe8+ Qxe8 17. Bxd5 cxd5 18. Be3 Rc8 19. Rc1 Rc6 20. Rxc6 Qxc6 21.
Kg2 h5 22. Qb3 b5 23. Qa3 a6 24. Qe7 Qe6 25. Qd8+ Kh7 26. Qc7 Bf6 27. h4 Qe4+ 28. Kh2 Kg7 29. Qc3 Qe6 30. a3 Qb6 31. Qd2 a5 32. Kg2 b4 33. axb4 axb4 34. b3 Kg8 35.
Qd3 Qc6 36. Kf3 Qe6 37. Ke2 Be7 38. Qc2 f5 39. Qc7 Kf7 40. f3 Qd6 41. Qb7 Qe6 42.
Kd3 Kg8 43. Bg5 Bf8 44. Bf4 Qf7 45. Qb8 Kh7 46. Be5 f4 47. Bxf4 Qf5+ 48. Kd2 Bg7 49. Qxb4 Qb1 50. Qc3 Qa2+ 51. Qc2 Qa5+ 52. Qc3 Qa2+ 53.
Qc2 Qa5+ 54. Ke2 Qb5+ 55. Qd3 Qa5 56. Bd2 Qb6 57. Bc3 Qxb3 58. Ke3 Qa2 59. f4 Qg2 60. Be1 Bf8 61. Bf2 Bb4 62. f5 Kg7 63. fxg6 Bd6 64.
Ke2 Qh3 65. Qf3 Qg4 66. Qxg4 hxg4 67. Kf1 Kxg6 68. Kg2 Kf5 69. Be3 Ke4 70. Bf4 Bxf4 71. gxf4 Kxf4 72. Kf2 Ke4 73. h5 Kf5 74. Kg3 Kg5 75.
h6 Kxh6 76. Kxg4 Kg6 77. Kf4 Kf6 78. Kg4 Kg6 79. Kf4 Kf6 80. Kg4 Kg6 1/2-1/2

[Event "*** SCC Grand Prix: Titled Tuesday Blitz"]
[Site "Chess.com"]
[Date "2020.06.23"]
[Round "5"]
[White "djano"]
[Black "CarlosAlbornoz"]
[Result "0-1"]
[WhiteElo "2454"]
[BlackElo "2719"]
[TimeControl "180+1"]
[EndTime "10:58:29 PDT"]
[Termination "CarlosAlbornoz won on time"]

1. d4 Nf6 2. Nf3 g6 3. Bf4 Bg7 4. h4 d6 5. Nc3 c6 6. Qd2 h5 7.
e4 b5 8. Bd3 Nbd7 9. e5 b4 10.
exf6 bxc3 11. bxc3 Nxf6 12. O-O O-O 13. Bh6 Bg4 14.
Bxg7 Kxg7 15. Ng5 e5 16. Rfe1 Qc7 17. Rab1 Rfe8 18. f3 Bd7 19. Qf2 Nh7 20. Ne4 Bf5 21. Ng3 Bxd3 22. cxd3 Nf6 23. dxe5 dxe5 24. Qc5 Rad8 25. Qc4 Nd5 26. d4 f5 27. dxe5 Rxe5 28. Rxe5 Qxe5 29. Rb7+ Kh6 30. Nf1 Rb8 31. Qxc6 Rxb7 32.
Qxb7 Nxc3 33. Qxa7 Ne2+ 34. Kf2 Nd4 35. Ne3 f4 36.
Nc4 Qe2+ 37. Kg1 Qxc4 38. Qe7 Nf5 39. Qf8+ Kh7 40. Qa8 Qd4+ 41. Kh2 Qf2 42. Qb7+ Kh6 43. Qb8 Qxh4+ 44. Kg1 Qe1+ 45. Kh2 Qg3+ 46. Kg1 Kh7 47. Qc7+ Ng7 48. a4 h4 49. Qd7 h3 50. Qxh3+ Qxh3 51. gxh3 Ne6 52. Kf2 Nc5 53. a5 Kg7 54. Ke2 Kf6 55.
Kd2 Ke5 56. Kc3 Kd5 57. Kb4 g5 58. Kb5 Kd4 59. Kb6 Kd5 60. Kb5 Kd6 61. Kb6 Na4+ 62. Kb5 Nc3+ 63. Kb6 Nd5+ 64. Kb7 Nb4 65. Kb6 Kd5 66.
Kb5 Nc6 67. a6 Kd6 68. Kb6 Kd7 69. Kb7 Na5+ 70. Kb6 Nc6 71. Kb7 Kd6 72. Kb6 Kd5 73.
Kb7 Kc5 74. Kc7 Kb5 75. Kd6 Kb6 76. Ke6 Nd4+ 0-1

[Event "*** SCC Grand Prix: Titled Tuesday Blitz"]
[Site "Chess.com"]
[Date "2020.06.23"]
[Round "5"]
[White "Angry_Twin"]
[Black "Skatchkov_V"]
[Result "1-0"]
[WhiteElo "2797"]
[BlackElo "2554"]
[TimeControl "180+1"]
[EndTime "10:58:30 PDT"]
[Termination "Angry_Twin won by resignation"]

1. e4 e5 2. Nf3 Nf6 3. Nxe5 d6 4. Nf3 Nxe4 5. d4 d5 6. Bd3 Bd6 7. O-O O-O 8. Nbd2 Bf5 9. Re1 Re8 10. Nf1 c6 11. Be3 Nd7 12. Ng3 Bg6 13. c4 f5 14.
cxd5 cxd5 15. Ne2 Bf7 16. Bb5 a6 17. Bxd7 Qxd7 18. Bf4 Bb4 19. Rf1 Bh5 20. Ne5 Qb5 21. f3 Nf6 22. Ng3 Bg6 23. a3 Ba5 24. b4 Bb6 25.
Kh1 Rac8 26. Qd2 Re7 27. a4 Qe8 28. Rfe1 Nd7 29. Ne2 Nxe5 30. Bxe5 Bf7 31. Nf4 Rc4 32. Red1 h6 33. h3 Bc7 34. Nd3 Bb6 35. Nc5 Qc6 36. f4 Bh5 37. Rdc1 Bxc5 38. dxc5 b5 39. axb5 axb5 40.
Qd3 Re4 41. Re1 Be8 42. Rxe4 fxe4 43. Qd4 Bd7 44. Kh2 Kh7 45. Ra7 Qe6 46. Qe3 Bc6 47. Ra6 Qd7 48. Qg3 Re6 49. Rb6 Rg6 50.
Qe3 Ba8 51. Rxg6 Kxg6 52. Qg3+ Kh7 53. f5 Bc6 54. Qg6+ Kg8 55. f6 Qf7 56. Qg4 Bd7 57. Qf4 g5 58. Qg3 Qe6 59. Bd4 Kf7 60. Qb8 e3 61. Qh8 Kg6 62. Qg7+ Kf5 63. f7 1-0

[Event "*** SCC Grand Prix: Titled Tuesday Blitz"]
[Site "Chess.com"]
[Date "2020.06.23"]
[Round "5"]
[White "KazakhFighter04"]
[Black "Moon_stone123"]
[Result "1-0"]
[WhiteElo "2751"]
[BlackElo "2460"]
[TimeControl "180+1"]
[EndTime "10:58:31 PDT"]
[Termination "KazakhFighter04 won by checkmate"]

1. d4 Nf6 2. c3 g6 3. Bg5 Bg7 4. Nd2 O-O 5. e4 d6 6. Ngf3 c5 7. dxc5 dxc5 8. Bc4 Nc6 9. O-O h6 10. Bh4 g5 11. Bg3 Nh5 12. Qe2 Nxg3 13. fxg3 a6 14. Kh1 b5 15. Bd5 Bb7 16. a4 e6 17. axb5 exd5 18.
bxc6 Bxc6 19. exd5 Qxd5 20. Rxa6 Rab8 21. c4 Qd7 22. b3 Rbe8 23. Qf2 Bb7 24. Ra5 Ra8 25. Rxa8 Rxa8 26. h3 Ra2 27. Qe3 Bd4 28. Qd3 Qe6 29. Re1 Qc6 30. Ne4 Bf2 31. Nxf2 Rxf2 32. Kg1 Ra2 33. Qe3 Qf6 34. Re2 Ra1+ 35. Kh2 Bxf3 36. Qxf3 Qxf3 37. gxf3 Rb1 38. Re3 Rb2+ 39. Kh1 Kg7 40. Kg1 Kf6 41. Rd3 Kg6 42. g4 Kf6 43.
Rd5 Rxb3 44. Kg2 Rb2+ 45. Kg3 Rc2 46. Rxc5 Kg6 47. h4 f6 48. Rc7 gxh4+ 49. Kxh4 Rc3 50. Kg3 h5 51. gxh5+ Kxh5 52. Kf4 Kg6 53. c5 Rc1 54.
Ke4 f5+ 55. Kf4 Rc4+ 56. Ke5 Rc3 57. f4 Re3+ 58. Kd5 Re4 59. c6 Rxf4 60. Re7 Rf1 61. c7 Rd1+ 62. Ke6 Re1+ 63. Kd7 Rd1+ 64. Ke8 Rc1 65. Kd7 f4 66. Re6+ Kf5 67. Rc6 Rd1+ 68.
Ke7 Re1+ 69. Kf7 Rh1 70. c8=Q+ Ke4 71. Qe6+ Kf3 72. Rc3+ Kg2 73. Qe4+ Kg1 74. Rc1+ Kf2 75. Qxf4+ Ke2 76. Rxh1 Kd3 77. Rh3+ Ke2 78. Qh2+ Kf1 79. Rg3 Ke1 80. Rg1# 1-0

[Event "*** SCC Grand Prix: Titled Tuesday Blitz"]
[Site "Chess.com"]
[Date "2020.06.23"]
[Round "5"]
[White "MVM2008"]
[Black "AllStarShark"]
[Result "1-0"]
[WhiteElo "2033"]
[BlackElo "2295"]
[TimeControl "180+1"]
[EndTime "10:58:31 PDT"]
[Termination "MVM2008 won by checkmate"]

1. Nf3 d5 2. e3 Bg4 3. Be2 Nf6 4.
d3 c6 5. Nbd2 Nbd7 6. b3 e5 7.
Bb2 Bd6 8. c4 O-O 9. O-O Qe7 10.
a3 a5 11. Qc2 Rfc8 12. Rac1 Nf8 13. Rfe1 Bxa3 14. Bxa3 Qxa3 15. Nxe5 Bxe2 16. Rxe2 a4 17.
bxa4 Qxa4 18. Qxa4 Rxa4 19. Ree1 Rd8 20. cxd5 Nxd5 21.
d4 Nd7 22. Nxd7 Rxd7 23. Ra1 Rxa1 24. Rxa1 g6 25. Nc4 b5 26. Ne5 Rc7 27. Rc1 Ne7 28. e4 f6 29. Nf3 Kf7 30. e5 Nd5 31.
exf6 Kxf6 32. Ne5 Ne7 33. f4 Ke6 34. Kf2 Kd5 35. Nf3 Nf5 36. Rc5+ Kd6 37. Rc1 b4 38. g4 Ne7 39. Ne5 Kd5 40. Ke3 Rb7 41. Rc5+ Kd6 42.
Kd3 Nd5 43. Rxc6+ Ke7 44. Ke4 Nf6+ 45. Kd3 b3 46. Rc1 b2 47. Rb1 Nxg4 48. Nxg4 Ke6 49.
Ne3 Rb3+ 50. Kd2 h6 51. Nd1 Rb4 52. Kd3 Rb3+ 53. Nc3 Kf5 54. Kc2 Rb4 55. d5 Kxf4 56. Rxb2 Rc4 57. Kb3 Rc8 58. Rd2 g5 59. d6 Rd8 60. d7 Ke5 61. Nb5 Ke6 62. Kc4 h5 63. Nd4+ Ke7 64. Kd5 Kf8 65. Ke5 Rxd7 66. Ne6+ Kg8 67. Rxd7 g4 68. Kf6 h4 69. Kg6 Kh8 70. Rd8# 1-0

[Event "*** SCC Grand Prix: Titled Tuesday Blitz"]
[Site "Chess.com"]
[Date "2020.06.23"]
[Round "5"]
[White "Matibar"]
[Black "kingmonkey2006"]
[Result "1-0"]
[WhiteElo "2818"]
[BlackElo "2578"]
[TimeControl "180+1"]
[EndTime "10:58:32 PDT"]
[Termination "Matibar won by checkmate"]

1. e4 c5 2. Nf3 d6 3. d4 cxd4 4. Nxd4 Nf6 5. Nc3 a6 6. Nb3 e5 7.
Bg5 Be6 8. f4 Nc6 9. f5 Bd7 10.
Bc4 b5 11. Bd5 b4 12. Ne2 Be7 13. Bxf6 Bxf6 14. O-O O-O 15. Kh1 Rc8 16. Nd2 Ne7 17. Bb7 Rb8 18. Bxa6 d5 19. Bd3 Bc6 20. Ng3 Bg5 21. Nf3 Bf4 22. Qe1 Bxg3 23. hxg3 f6 24. g4 Qc7 25. Rd1 Ra8 26. Qxb4 Rfb8 27. Qc5 Ra5 28.
Qc3 d4 29. Qc4+ Kh8 30. g5 Ng8 31. gxf6 Nxf6 32. Ng5 Ra7 33. Rf3 h6 34. Rh3 Qb6 35. b3 Bb5 36. Qxb5 Qxb5 37. Bxb5 Rxb5 38. a4 Rc5 39. Rd2 Rc3 40. Rxc3 dxc3 41. Rd8+ Ng8 42. Ne6 Kh7 43. Nf8+ Kh8 44. Ng6+ Kh7 45. Kg1 h5 46. Kf2 Rc7 47. Ke3 h4 48. Kd3 h3 49. gxh3 Rc5 50. b4 Rc7 51. a5 Rb7 52. Kxc3 Kh6 53. Rxg8 Kg5 54. Kb3 Kf6 55. c3 Rc7 56. Rf8+ Kg5 57.
a6 Kh5 58. b5 Ra7 59. c4 Rc7 60. Kb4 Ra7 61. c5 Rd7 62. c6 Rd4+ 63. Kc5 Rxe4 64. c7 Rc4+ 65. Kxc4 e4 66. c8=Q e3 67. Qd8 e2 68. Rh8# 1-0

[Event "*** SCC Grand Prix: Titled Tuesday Blitz"]
[Site "Chess.com"]
[Date "2020.06.23"]
[Round "5"]
[White "SantoBlue"]
[Black "Sanan_Sjugirov"]
[Result "0-1"]
[WhiteElo "2795"]
[BlackElo "2873"]
[TimeControl "180+1"]
[EndTime "10:58:42 PDT"]
[Termination "Sanan_Sjugirov won by resignation"]

1. Nf3 d5 2. g3 Bg4 3. Bg2 c6 4.
O-O e6 5. d3 Nd7 6. Nbd2 Bd6 7.
c4 Ne7 8. b3 O-O 9. Bb2 a5 10.
a3 Re8 11. Qc2 Bh5 12. Rae1 f6 13. e4 Bg6 14. Nh4 Bf7 15. f4 Bc7 16. Kh1 Nf8 17. Ndf3 Nfg6 18. Nxg6 Nxg6 19. h4 dxe4 20. dxe4 e5 21.
h5 Nf8 22. h6 gxh6 23. Nh4 Be6 24. Qc1 Qe7 25. fxe5 Bxe5 26. Bxe5 fxe5 27. Qxh6 Qg7 28. Qe3 Rad8 29. Nf5 Bxf5 30. Rxf5 Ne6 31. Bh3 Kh8 32. Ref1 Rf8 33. R1f2 Nd4 34. Rxf8+ Rxf8 35. Rxf8+ Qxf8 36. Qg5 Nf3 37. Qh5 h6 38. Bf5 Nd4 39. Qg6 Nxf5 40.
exf5 e4 41. Kg2 e3 42. Kf3 e2 43.
Kxe2 Qxa3 44. Qxh6+ Kg8 45. Qe6+ Kh8 46. Qc8+ Kg7 47. Qxb7+ Kf6 48. Qxc6+ Kxf5 49. Qd5+ Kg4 50. Qf3+ Kg5 51. Qe3+ Kg4 52. Qf3+ Kg5 53. g4 Qb2+ 54. Kf1 Qc1+ 55. Kg2 Qd2+ 56. Kh3 Qa2 57. Qf5+ Kh6 58. g5+ Kg7 59. Qf6+ Kg8 60. Qe6+ Kg7 61.
c5 a4 62. c6 Qxb3+ 63. Qxb3 axb3 64. c7 b2 65. c8=Q b1=Q 66. Qd7+ Kg6 67. Qd5 Qf1+ 68. Kg3 Qg1+ 69. Kf4 Qf2+ 70. Kg4 Qe2+ 71. Kg3 Qe1+ 72.
Kf3 Qh1+ 0-1

[Event "*** SCC Grand Prix: Titled Tuesday Blitz"]
[Site "Chess.com"]
[Date "2020.06.23"]
[Round "5"]
[White "SaqoChess_Twitch"]
[Black "Baby_Legs"]
[Result "0-1"]
[WhiteElo "2406"]
[BlackElo "2621"]
[TimeControl "180+1"]
[EndTime "10:58:43 PDT"]
[Termination "Baby_Legs won by resignation"]

1. d4 g6 2. c4 Bg7 3. Nc3 c5 4. d5 Bxc3+ 5. bxc3 f5 6. Nf3 Nf6 7. g3 d6 8. Bg2 Qa5 9. Bd2 Nbd7 10. O-O Nb6 11. Qb3 Bd7 12. a4 Ne4 13. Ra3 Qa6 14. a5 Nxc4 15. Ra2 O-O 16. Bh6 Rfc8 17. Rfa1 Be8 18.
Ng5 Nxg5 19. Bxg5 Qb5 20. Qxb5 Bxb5 21. Bxe7 Re8 22. Bg5 Kf7 23. e3 Ne5 24. Bf4 Bd3 25.
Rb2 Rab8 26. Bf1 Bxf1 27. Kxf1 Nc4 28. Rba2 Kf6 29. Ra4 Ne5 30. Ke2 Nf7 31. h4 h6 32.
e4 fxe4 33. g4 Re7 34. Ke3 g5 35. hxg5+ hxg5 36. Bg3 Nh6 37. Bxd6 Nxg4+ 38. Ke2 Rbe8 39. Bxe7+ Rxe7 40. Rc4 Ke5 41. Rxc5 Kd6 42. Rb5 Rf7 43. Rf1 Ne5 44. a6 b6 45. Rh1 Ng4 46. Rf1 Rf3 47.
Ra1 Rxf2+ 48. Ke1 Rf8 49. c4 Ne5 50. c5+ bxc5 51. Rb7 Ra8 52. Ke2 Kxd5 53. Rd1+ Kc4 54. Rc1+ Kd4 55. Rc7 c4 56. Rb1 g4 57. Rbb7 g3 58.
Rxa7 g2 59. Rxa8 g1=Q 60. Rd8+ Kc3 61. Rf8 Qg2+ 62. Rf2 Qg4+ 63. Ke3 Qg3+ 64. Ke2 Qd3+ 65. Ke1 Nf3+ 66. Rxf3 exf3 67. Re7 Qd2+ 68. Kf1 Qa2 69.
a7 Kd2 70. Rd7+ Kc2 71. Re7 c3 72. Kf2 Kb1+ 73. Kxf3 c2 74. Rb7+ Ka1 75. Rc7 Kb1 76.
Rb7+ Kc1 77. Rd7 Qa6 78. Ke3 Kb1 79. a8=Q c1=Q+ 80. Rd2 Qxa8 0-1

[Event "*** SCC Grand Prix: Titled Tuesday Blitz"]
[Site "Chess.com"]
[Date "2020.06.23"]
[Round "5"]
[White "chessablanca"]
[Black "Paladin61"]
[Result "0-1"]
[WhiteElo "2376"]
[BlackElo "2545"]
[TimeControl "180+1"]
[EndTime "10:58:43 PDT"]
[Termination "Paladin61 won by checkmate"]

1. Nf3 Nf6 2. g3 g6 3. b3 Bg7 4. Bb2 d6 5. Bg2 e5 6. O-O O-O 7. d3 c5 8. c4 Nc6 9. Nbd2 h6 10.
e3 Bf5 11. Ne1 Qd7 12. Qe2 Bh3 13. a3 Bxg2 14. Nxg2 d5 15. Rac1 b6 16. cxd5 Nxd5 17. e4 Nc7 18. Nc4 Rad8 19. Rfd1 Nb5 20. Rd2 Qh3 21. Nce3 Nbd4 22. Qd1 f5 23. exf5 gxf5 24. f4 e4 25. Nh4 Bf6 26. Qf1 Qxf1+ 27. Kxf1 Bxh4 28. gxh4 Kf7 29. dxe4 Nxb3 30. Rxd8 Rxd8 31. Rc2 fxe4 32. Rg2 Ncd4 33. Nc4 Ke6 34. Rg6+ Kf5 35. Rxh6 Kxf4 36. Rf6+ Kg4 37. Ne5+ Kh3 38. Kf2 Nf3 39. Nxf3 exf3 40. Rxf3+ Kxh2 41. Rxb3 Rd2+ 42. Ke3 Rc2 43. Kf4 c4 44. Rb4 c3 45. Ba1 Rf2+ 46. Kg5 c2 47.
Be5+ Kg2 48. Rc4 b5 49. Rc5 Kf1 50. h5 Rg2+ 51. Kf6 Ke1 52. Kf7 Kd1 53. Bf4 Rg4 54.
Bh6 Rd4 55. Kg7 Rh4 56. Kg6 b4 57. Bg5 b3 58. h6 b2 59. Bxh4 c1=Q 60. Rd5+ Ke2 61.
Bg5 Kf3 62. Rf5+ Kg4 63. Bxc1 bxc1=Q 64. Rg5+ Kf4 65. Kh7 Kxg5 66. Kg7 Qc2 67. h7 Qc3+ 68. Kg8 Qc8+ 69. Kg7 Qd7+ 70. Kg8 Qe8+ 71. Kg7 Qe5+ 72.
Kg8 Kg6 73. h8=Q Qe8# 0-1

[Event "*** SCC Grand Prix: Titled Tuesday Blitz"]
[Site "Chess.com"]
[Date "2020.06.23"]
[Round "5"]
[White "Maksimus1998"]
[Black "RobertoJBM"]
[Result "0-1"]
[WhiteElo "2475"]
[BlackElo "2664"]
[TimeControl "180+1"]
[EndTime "10:58:46 PDT"]
[Termination "RobertoJBM won by resignation"]

1. e4 c6 2. d4 d5 3. exd5 cxd5 4. Bd3 Nc6 5. c3 Nf6 6. Bf4 g6 7. Nd2 Nh5 8. Be3 Qc7 9. Ne2 Bg7 10. h3 O-O 11. Nf3 Bd7 12. O-O Rae8 13. Re1 e6 14.
Qd2 f6 15. Rad1 e5 16. dxe5 fxe5 17. Bb5 a6 18. Ba4 Nf6 19. Ng3 Kh8 20. Bc5 Rg8 21. Ng5 h6 22. Bd6 Qa5 23. Bxc6 Bxc6 24. Nf7+ Kh7 25. Nxe5 Qxa2 26. Qc2 Ne4 27. Ra1 Qxa1 28. Rxa1 Bxe5 29. Nxe4 dxe4 30. Rd1 Rg7 31. Bxe5 Rxe5 32. Rd8 Rf5 33. Qd2 Rgf7 34. Qd4 R5f6 35. h4 h5 36. Qe5 Kh6 37. Qg5+ Kg7 38. Qe5 Kh6 39. Qb8 Rh7 40. Rh8 Rf7 41. Rxh7+ Kxh7 42. Qe5 Rd7 43.
Kh2 a5 44. Kg3 a4 45. Kf4 Rf7+ 46. Ke3 Rd7 47. Qb8 Kg7 48. Qa7 Kf7 49. Qc5 Rd5 50.
Qc4 Kf6 51. Qb4 Rd3+ 52. Ke2 Rd7 53. Qf8+ Rf7 54. Qd8+ Kg7 55. Qd4+ Kh7 56. Qd6 Rd7 57.
Qf6 Rg7 58. Qg5 Rf7 59. Ke3 Kg7 60. g4 hxg4 61. Qxg4 Rf3+ 62. Kd4 Rf5 63. h5 Rxh5 64. Qg3 Rd5+ 65. Ke3 Rd7 66. Ke2 Bb5+ 67. Ke1 Bc6 68. Qe5+ Kf7 69. Qf4+ Ke6 70. Qg4+ Kd5 71. Qxg6 Kc4 72.
Qg8+ Kd3 73. Qe6 Kc2 74. Qa2 Kd3 75. Qb1+ Kc4 76. Qa2+ Kb5 77. Ke2 Rd3 78. c4+ Kb4 79.
c5 Bd5 80. Qb1 Bc4 81. Ke1 Bb3 82. Ke2 Bd1+ 83. Ke1 Bf3 84. Kf1 Rd1+ 0-1

[Event "*** SCC Grand Prix: Titled Tuesday Blitz"]
[Site "Chess.com"]
[Date "2020.06.23"]
[Round "5"]
[White "Tooweak2slow03"]
[Black "Indianlad"]
[Result "1-0"]
[WhiteElo "2666"]
[BlackElo "2948"]
[TimeControl "180+1"]
[EndTime "10:58:47 PDT"]
[Termination "Tooweak2slow03 won by checkmate"]

1. e4 c5 2. Nf3 d6 3. d4 cxd4 4.
Nxd4 Nf6 5. Nc3 a6 6. a3 Nbd7 7.
Be2 Nc5 8. Bf3 e5 9. Nde2 Ne6 10. Be3 Be7 11. O-O O-O 12. Ng3 g6 13. Qd2 b5 14.
Bh6 Re8 15. Nd5 Nxd5 16. Qxd5 Rb8 17. Rad1 Bb7 18. Qd2 Qc7 19. c3 Rbd8 20. Rfe1 Bf6 21. Nf1 Qe7 22. Ne3 Bg5 23. Bxg5 Nxg5 24. Nd5 Bxd5 25. Qxd5 Nxf3+ 26. gxf3 Rf8 27. Rd3 Kh8 28. Red1 f5 29. Qc6 fxe4 30. fxe4 Rf6 31. Qxa6 Rdf8 32. R1d2 d5 33. Qxb5 dxe4 34. Re3 Rf4 35. Rde2 Qg5+ 36. Rg3 Qh5 37. Rge3 R8f5 38. Rg3 Kg7 39. Qd7+ Rf7 40.
Qd2 Qf5 41. a4 Rd7 42. Qe1 Rd3 43. Ree3 h5 44. Qe2 h4 45. Rxd3 exd3 46. Rxd3 Re4 47. Qf3 Rf4 48. Qe2 e4 49. Rd4 Rg4+ 50. Kf1 Qg5 51. Qe3 Rg1+ 52. Ke2 Qg4+ 53. f3 Qg2+ 54.
Qf2 exf3+ 55. Ke3 Qg5+ 56. Kxf3 Qf5+ 57. Ke2 Qc2+ 58. Kf3 Qf5+ 59. Ke2 Qe5+ 60. Kd2 Qg5+ 61. Kd3 Rd1+ 62. Ke2 Rb1 63. Kf3 Qf5+ 64. Kg2 h3+ 65. Kg3 Qe5+ 66. Kxh3 Qh5+ 67. Kg2 Qg5+ 68. Qg3 Rxb2+ 69. Kf3 Qf5+ 70. Ke3 Qe6+ 71. Re4 Qb6+ 72. Rd4 Rb3 73. Qe5+ Kh7 74. Kd3 Qa6+ 75. Kc2 Rb7 76.
Rh4+ Kg8 77. Rh8+ Kf7 78. Rh7+ Kg8 79. Rh8+ Kf7 80. Rh7+ Kg8 81. Qh8# 1-0

[Event "*** SCC Grand Prix: Titled Tuesday Blitz"]
[Site "Chess.com"]
[Date "2020.06.23"]
[Round "6"]
[White "fabianvivasz"]
[Black "Angel_Hranitel_37"]
[Result "0-1"]
[WhiteElo "2277"]
[BlackElo "2431"]
[TimeControl "180+1"]
[EndTime "11:00:23 PDT"]
[Termination "Angel_Hranitel_37 won by checkmate"]

1. e4 c5 2. Nf3 e6 3. d4 cxd4 4. Nxd4 Nf6 5. Nc3 Nc6 6. Ndb5 Bc5 7. Bf4 O-O 8. Bd6 Qb6 9. Na4 Bxf2+ 10. Ke2 Qe3# 0-1

[Event "*** SCC Grand Prix: Titled Tuesday Blitz"]
[Site "Chess.com"]
[Date "2020.06.23"]
[Round "6"]
[White "Cubitas"]
[Black "Ekka83"]
[Result "1-0"]
[WhiteElo "2546"]
[BlackElo "2346"]
[TimeControl "180+1"]
[EndTime "11:01:21 PDT"]
[Termination "Cubitas won by resignation"]

1. e4 d5 2. exd5 Qxd5 3. Nf3 Nf6 4. Be2 c6 5. O-O Bf5 6. d4 e6 7. c4 Qd8 8. Nc3 Be7 9. Re1 O-O 10. Nh4 Bg6 11.
Nxg6 hxg6 12. Bf3 Nbd7 13. d5 cxd5 14. cxd5 exd5 15. Nxd5 Nxd5 16. Qxd5 b6 17. Qxa8 Qxa8 18. Bxa8 Bb4 19. Rd1 Rxa8 20. Rxd7 Re8 21. Bd2 1-0

[Event "*** SCC Grand Prix: Titled Tuesday Blitz"]
[Site "Chess.com"]
[Date "2020.06.23"]
[Round "6"]
[White "Man-Chuk"]
[Black "JakubPulpan"]
[Result "1-0"]
[WhiteElo "2851"]
[BlackElo "2683"]
[TimeControl "180+1"]
[EndTime "11:01:35 PDT"]
[Termination "Man-Chuk won by resignation"]

1. c4 e6 2. Nc3 d5 3. d4 Nf6 4.
cxd5 Nxd5 5. e4 Nxc3 6. bxc3 c5 7.
Rb1 Be7 8. Nf3 O-O 9. Bd3 cxd4 10. cxd4 Nc6 11. Be3 Qa5+ 12. Bd2 Bb4 13. Bxb4 Nxb4 14.
O-O Nxd3 15. Qxd3 b6 16. Qd2 Bb7 17. Qxa5 1-0

[Event "*** SCC Grand Prix: Titled Tuesday Blitz"]
[Site "Chess.com"]
[Date "2020.06.23"]
[Round "6"]
[White "Bastiandash"]
[Black "PattyCastillo"]
[Result "1-0"]
[WhiteElo "2220"]
[BlackElo "1920"]
[TimeControl "180+1"]
[EndTime "11:01:37 PDT"]
[Termination "Bastiandash won by resignation"]

1. d4 d5 2. Nf3 Nf6 3. c3 c6 4. Bg5 e6 5. e3 Nbd7 6. Bd3 h6 7. Bh4 Be7 8. Nbd2 O-O 9. O-O b6 10. Ne5 Bb7 11. f4 Rc8 12. Qf3 c5 13. Rae1 cxd4 14. exd4 Re8 15. g4 Nf8 16. Re3 Ne4 17. Bxe7 Qxe7 18.
Nxe4 Qd8 19. Nd2 1-0